[Event "Titled Tuesday Blitz July 11 Early 2023"]
[White "Weishaeutel, Moritz"]
[Black "Jegorovas, Aleksandras"]
[WhiteFideId "12967300"]
[BlackFideId "12801950"]
[WhiteElo "2603"]
[BlackElo "2402"]
[Result "1-0"]
[Round "9"]
[TimeControl "180+2"]
[Date "2023.07.11"]
[WhiteClock "0:00:20"]
[BlackClock "0:00:52"]
[Board "56"]

1. e4 e6 2. d4 d5 3. exd5 exd5 4. Nf3 Bd6 5. c4 c6 6. Nc3 Ne7 7. c5 Bc7 8. Bd3 O-O 9. O-O Bf5 10. Re1 Bxd3 11. Qxd3 Nd7 12. Bg5 f6 13. Bh4 Ng6 14. Bg3 Bxg3 15. hxg3 Re8 16. Rxe8+ Qxe8 17. Re1 Qf7 18. b4 a6 19. a4 Re8 20. Rb1 Ne7 21. b5 axb5 22. axb5 Qg6 23. Qxg6 hxg6 24. Ra1 Nf5 25. b6 Nf8 26. Ra7 Rb8 27. Nb1 Ne6 28. Ra4 g5 29. g4 Nh6 30. Nbd2 Nxg4 31. Ra7 Nh6 32. Nb3 Nf5 33. Na5 Nd8 34. g4 Ne7 35. Nb3 Kf7 36. Ne1 g6 37. Nd3 Nc8 38. Ra1 Ne6 39. Nb4 f5 40. Ra7 fxg4 41. Nxc6 Nxa7 42. Nxb8 Nb5 43. Na5 Nexd4 44. Nxb7 Ke7 45. c6 Nxc6 46. Nxc6+ Ke6 47. Nc5+ Kd6 48. b7 Kc7 49. b8=Q+ 1-0


[Site "https://www.chess.com"]

[Event "Titled Tuesday Blitz July 11 Early 2023"]
[White "Altman, Joshua"]
[Black "Tsyhanchuk, Stanislav"]
[WhiteFideId "426210"]
[BlackFideId "13505130"]
[WhiteElo "2599"]
[BlackElo "2308"]
[Result "1-0"]
[Round "9"]
[TimeControl "180+2"]
[Date "2023.07.11"]
[WhiteClock "0:00:42"]
[BlackClock "0:00:05"]
[Board "57"]

1. Nf3 Nf6 2. b3 d6 3. d4 g6 4. Bb2 Bg7 5. g3 O-O 6. Bg2 c5 7. O-O cxd4 8. Nxd4 Nc6 9. Nxc6 bxc6 10. Bxc6 Rb8 11. c4 Bh3 12. Bg2 Qc8 13. Nd2 h5 14. Nf3 Bxg2 15. Kxg2 a5 16. Rc1 Qe6 17. e3 Rfd8 18. Bxf6 Bxf6 19. Qd5 Qxd5 20. cxd5 Rb5 21. e4 a4 22. bxa4 Rb4 23. Rfe1 Rxa4 24. Rc2 Rda8 25. Ree2 R8a5 26. Rcd2 Rb5 27. e5 dxe5 28. Nxe5 Raa5 29. Nc6 Ra6 30. Nxe7+ Kf8 31. Nc6 Bc3 32. Rd3 Bf6 33. Rde3 Rxd5 34. Nb4 Rad6 35. Nxd5 Rxd5 36. a4 Ra5 37. Ra2 Be7 38. Rb3 Rf5 39. Rb5 Rf6 40. a5 Ra6 41. Rb6 Ra7 42. a6 Bc5 43. Rb7 Ra8 44. a7 Kg7 45. Ra5 Bd4 46. Rd7 Bb6 47. Ra6 Bc5 48. Kf3 Kg8 49. Rb7 Kg7 50. Ke2 Bd4 51. f3 Bc5 52. Kd3 Bg1 53. h3 Bf2 54. g4 h4 55. Kc4 g5 56. Kb5 Rd8 57. Rb8 Rd5+ 58. Kc4 Bxa7 59. Rxa7 Rd2 60. Rbb7 Rh2 61. Rxf7+ Kg6 62. Rfb7 Rxh3 63. Ra6# 1-0


[Site "https://www.chess.com"]

[Event "Titled Tuesday Blitz July 11 Early 2023"]
[White "Dau Khuong Duy"]
[Black "Lopez Idarraga, Daniel Eduardo"]
[WhiteFideId "12424722"]
[BlackFideId "4405501"]
[WhiteElo "2876"]
[BlackElo "2362"]
[Result "1-0"]
[Round "9"]
[TimeControl "180+2"]
[Date "2023.07.11"]
[WhiteClock "0:01:42"]
[BlackClock "0:00:33"]
[Board "58"]

1. e4 c5 2. Nf3 Nc6 3. Bb5 g6 4. O-O Bg7 5. Bxc6 dxc6 6. d3 e5 7. h3 Qe7 8. a4 Nf6 9. Nbd2 Nd7 10. Nc4 Nf8 11. c3 f6 12. b4 Be6 13. Ba3 O-O-O 14. Qc2 Bxc4 15. dxc4 Ne6 16. a5 Nf4 17. a6 Rd3 18. axb7+ Kb8 19. Kh2 Rxf3 20. Bc1 Qe6 21. Bxf4 Rxf4 22. Qa4 Kc7 23. Qa5+ Kd7 24. Qxa7 1-0


[Site "https://www.chess.com"]

[Event "Titled Tuesday Blitz July 11 Early 2023"]
[White "Hilary46"]
[Black "Shubenkova, Veronika"]
[BlackFideId "44124040"]
[WhiteElo "2745"]
[BlackElo "2545"]
[Result "0-1"]
[Round "9"]
[TimeControl "180+2"]
[Date "2023.07.11"]
[WhiteClock "0:00:05"]
[BlackClock "0:01:45"]
[Board "59"]

1. e4 e6 2. d4 d5 3. Nc3 Nf6 4. e5 Nfd7 5. f4 c5 6. Nf3 cxd4 7. Be3 Nc6 8. Nxd4 Bc5 9. Qd2 Nxd4 10. Bxd4 a6 11. O-O-O Qc7 12. h4 b5 13. h5 Bb7 14. h6 g6 15. Kb1 O-O-O 16. Ne2 Kb8 17. g3 Nb6 18. Bxc5 Qxc5 19. Nd4 Nc4 20. Qc3 Rc8 21. Be2 b4 22. Qf3 Rc7 23. Rhf1 Rhc8 24. Qf2 a5 25. Bxc4 dxc4 26. Nf3 Qb5 27. Ng5 c3 28. b3 a4 29. Rd6 axb3 30. axb3 Qa5 31. Qe3 Rc6 32. Rxc6 Rxc6 33. Qd3 Ra6 34. Qxa6 Qxa6 35. Rd1 Qa3 36. Rd8+ Bc8 37. Rxc8+ Kxc8 38. Nxf7 Qb2# 0-1


[Site "https://www.chess.com"]

[Event "Titled Tuesday Blitz July 11 Early 2023"]
[White "Shuvalova, Polina"]
[Black "Fiorito, Francisco"]
[WhiteFideId "24171760"]
[BlackFideId "180165"]
[WhiteElo "2674"]
[BlackElo "2548"]
[Result "1-0"]
[Round "9"]
[TimeControl "180+2"]
[Date "2023.07.11"]
[WhiteClock "0:00:11"]
[BlackClock "0:00:03"]
[Board "60"]

1. e4 e5 2. Nf3 Nf6 3. Nc3 Bb4 4. Nxe5 O-O 5. Nd3 Bxc3 6. dxc3 Nxe4 7. Be2 Re8 8. O-O h6 9. f3 Nf6 10. Re1 d6 11. Bf1 Nc6 12. Bd2 Bf5 13. Rxe8+ Qxe8 14. Qe1 Qd7 15. Qg3 Kh7 16. c4 Qd8 17. Bc3 Nh5 18. Qf2 Bg6 19. Re1 d5 20. cxd5 Qxd5 21. g4 Nf6 22. Nf4 Qxa2 23. h4 Kh8 24. Nxg6+ fxg6 25. Bd3 Qf7 26. g5 hxg5 27. hxg5 Nh5 28. Qh4 Re8 29. Rxe8+ Qxe8 30. Be4 Qf7 31. Qg4 Qe8 32. Kf2 a6 33. Qg1 b5 34. b3 b4 35. Bb2 Ne5 36. Qe1 Nd7 37. Bd4 c5 38. Bb2 Qf7 39. Qd2 Nf4 40. Kg3 Nf8 41. Qxf4 Qe8 42. Qe5 Qf7 43. Bd5 Qd7 44. Bc6 Qf7 45. Be4 Kh7 46. f4 Nd7 47. Qd5 Qe7 48. Be5 Nf8 49. Qd6 Qf7 50. Bd5 Qe8 51. Qxc5 Qd8 52. Qc4 Qe8 53. Bg8+ Kh8 54. Bf7 Qe7 55. Bd5 Kh7 56. Qd4 Qd8 57. Qe4 Qe7 58. Qh1# 1-0


[Site "https://www.chess.com"]

[Event "Titled Tuesday Blitz July 11 Early 2023"]
[White "Yurovskykh, Oleksandr"]
[Black "Tregubov, Pavel V."]
[WhiteFideId "14134020"]
[BlackFideId "4115341"]
[WhiteElo "2540"]
[BlackElo "2666"]
[Result "1-0"]
[Round "9"]
[TimeControl "180+2"]
[Date "2023.07.11"]
[WhiteClock "0:01:45"]
[BlackClock "0:00:27"]
[Board "61"]

1. d4 Nf6 2. Nf3 e6 3. Bf4 b6 4. e3 Ba6 5. Bxa6 Nxa6 6. O-O c5 7. c4 Nc7 8. Nc3 cxd4 9. Nxd4 d6 10. Ndb5 Nxb5 11. Nxb5 e5 12. Bg5 a6 13. Nc3 Be7 14. Bxf6 Bxf6 15. e4 O-O 16. a4 Qd7 17. Nd5 Bd8 18. Qd3 Rb8 19. b3 b5 20. cxb5 axb5 21. a5 Ra8 22. b4 Qb7 23. Rac1 Bg5 24. Rc7 Qb8 25. Rc6 Ra7 26. Rb6 Qc8 27. Qxb5 Qc2 28. Rb8 Ra8 29. Rxa8 Rxa8 30. Qb7 Rf8 31. a6 1-0


[Site "https://www.chess.com"]

[Event "Titled Tuesday Blitz July 11 Early 2023"]
[White "Kvaloy, Aksel Bu"]
[Black "Goltseva, Ekaterina"]
[WhiteFideId "1528815"]
[BlackFideId "24173770"]
[WhiteElo "2660"]
[BlackElo "2537"]
[Result "1-0"]
[Round "9"]
[TimeControl "180+2"]
[Date "2023.07.11"]
[WhiteClock "0:00:09"]
[BlackClock "0:00:00"]
[Board "62"]

1. d4 d5 2. c4 dxc4 3. Nf3 a6 4. e3 Bg4 5. Bxc4 e6 6. Qb3 Bxf3 7. gxf3 Nc6 8. Be2 Rb8 9. Nc3 Nf6 10. f4 Bd6 11. Bd2 b5 12. Rg1 g6 13. O-O-O Na5 14. Qc2 Nc4 15. Bxc4 bxc4 16. Qa4+ Qd7 17. Qxc4 O-O 18. e4 Rb4 19. Qd3 Be7 20. f5 Rxd4 21. Qe2 Rd8 22. Bg5 e5 23. Bxf6 Bxf6 24. Nd5 Bg7 25. Kb1 c6 26. Nc3 gxf5 27. Qh5 f6 28. exf5 Qf7 29. Qf3 c5 30. Rxd4 cxd4 31. Ne4 Kh8 32. Qd3 Qd7 33. f4 Qxf5 34. fxe5 fxe5 35. Rf1 Qg6 36. a3 a5 37. h4 Rf8 38. Rxf8+ Bxf8 39. Qf3 Bg7 40. h5 Qg1+ 41. Ka2 h6 42. Qf7 Qg4 43. Nd6 d3 44. Nf5 e4 45. Ne7 Bxb2 46. Ng6+ 1-0


[Site "https://www.chess.com"]

[Event "Titled Tuesday Blitz July 11 Early 2023"]
[White "Fantinel, Thibault"]
[Black "Chen, Max"]
[WhiteFideId "663395"]
[BlackFideId "2622440"]
[WhiteElo "2653"]
[BlackElo "2523"]
[Result "1/2-1/2"]
[Round "9"]
[TimeControl "180+2"]
[Date "2023.07.11"]
[WhiteClock "0:00:09"]
[BlackClock "0:00:37"]
[Board "63"]

1. d4 Nf6 2. Nf3 b6 3. g3 Bb7 4. Bg2 g6 5. O-O Bg7 6. c4 O-O 7. d5 Ne4 8. Qc2 f5 9. Nbd2 Nd6 10. e4 e6 11. exf5 exf5 12. Nb3 a5 13. Bg5 Bf6 14. Bxf6 Qxf6 15. Rad1 Na6 16. Rfe1 Rae8 17. Nbd4 Nb4 18. Qb3 Ba6 19. Bf1 Bb7 20. a3 Na6 21. Qc2 Re4 22. Qc3 Rfe8 23. Bd3 Rxe1+ 24. Rxe1 Rxe1+ 25. Qxe1 Nc5 26. Bf1 Ba6 27. Qe5 Kf7 28. b4 axb4 29. axb4 Nce4 30. b5 Bb7 31. Bd3 Nc5 32. Be2 h6 33. h4 g5 34. hxg5 hxg5 35. Qe3 f4 36. gxf4 gxf4 37. Qe5 Qxe5 38. Nxe5+ Kf6 39. Nef3 Nce4 40. Kg2 Nc3 41. Bd3 Nd1 42. Nd2 Nb2 43. Be2 Ke5 44. N4f3+ Kf6 45. Nd4 Ke5 46. N4f3+ Kf6 47. Nd4 1/2-1/2


[Site "https://www.chess.com"]

[Event "Titled Tuesday Blitz July 11 Early 2023"]
[White "Oleksiyenko, Mykhaylo"]
[Black "Turzo, Attila"]
[WhiteFideId "4152417"]
[BlackFideId "704954"]
[WhiteElo "2641"]
[BlackElo "2527"]
[Result "1-0"]
[Round "9"]
[TimeControl "180+2"]
[Date "2023.07.11"]
[WhiteClock "0:01:14"]
[BlackClock "0:01:12"]
[Board "64"]

1. e4 d6 2. d4 Nf6 3. Nc3 g6 4. f4 Bg7 5. Nf3 O-O 6. Bd3 a6 7. O-O b5 8. e5 Nfd7 9. Ne4 Bb7 10. c3 Nb6 11. h4 c6 12. h5 c5 13. hxg6 hxg6 14. e6 f5 15. Neg5 Nc6 16. Qe1 Nd5 17. Qh4 Nf6 18. Nf7 Qc8 19. Nh6+ Bxh6 20. Qxh6 Qxe6 21. Qxg6+ Kh8 22. Qh6+ Kg8 23. Ng5 Qd7 24. Qg6+ Kh8 25. Rf3 Qe8 26. Rh3+ 1-0


[Site "https://www.chess.com"]

[Event "Titled Tuesday Blitz July 11 Early 2023"]
[White "Dronavalli, Harika"]
[Black "Akylbek2021"]
[WhiteFideId "5015197"]
[WhiteElo "2638"]
[BlackElo "2518"]
[Result "1/2-1/2"]
[Round "9"]
[TimeControl "180+2"]
[Date "2023.07.11"]
[WhiteClock "0:00:17"]
[BlackClock "0:00:12"]
[Board "65"]

1. Nf3 Nf6 2. g3 b5 3. Bg2 Bb7 4. b3 e6 5. Bb2 Be7 6. c4 bxc4 7. bxc4 O-O 8. O-O d5 9. Ne5 Nbd7 10. d4 Nxe5 11. dxe5 Ne4 12. Nc3 Nxc3 13. Bxc3 Rb8 14. Rb1 c5 15. cxd5 exd5 16. Qa4 Ba8 17. Rxb8 Qxb8 18. Qd7 Qd8 19. Qxa7 d4 20. Ba5 Qb8 21. Qxe7 Bxg2 22. Kxg2 Qa8+ 23. Kg1 Qxa5 24. e6 Qxa2 25. exf7+ Rxf7 26. Qxc5 Qxe2 27. Qxd4 h6 28. Rc1 Kh7 29. h4 Rf6 30. Rf1 Qf3 31. Qe3 h5 32. Re1 Qxe3 33. fxe3 Kg6 34. e4 Ra6 35. Kf2 Kf6 36. Rd1 Ke5 37. Ke3 Ra3+ 38. Rd3 Ra1 39. Rd5+ Kf6 40. Rxh5 Rg1 41. Rf5+ Ke6 42. Rg5 Kf6 43. e5+ Kf7 44. e6+ Kf6 45. Kf2 Ra1 46. Rg4 Ra2+ 47. Kf3 Ra3+ 48. Kg2 Ra2+ 49. Kh3 Re2 50. Rf4+ Kg6 51. Rg4+ Kh6 52. Rb4 Rxe6 53. Kg4 Rc6 54. Re4 Ra6 55. Kf5 Ra5+ 56. Re5 Ra3 57. Re6+ Kh7 58. Kg4 Ra4+ 59. Kf5 Ra5+ 60. Kf4 Ra4+ 61. Re4 Ra5 62. g4 Rb5 63. g5 Rb1 64. h5 Rf1+ 65. Kg4 Rg1+ 66. Kf5 Rf1+ 67. Rf4 Rh1 68. Kg4 Rg1+ 69. Kf5 Rh1 70. h6 gxh6 71. gxh6 Rxh6 72. Ke4 Re6+ 73. Kf3 Re8 74. Rf5 Kg6 75. Rf4 Rg8 76. Rg4+ Kf7 77. Rf4+ Ke7 78. Re4+ Kf7 79. Rf4+ Kg7 80. Ke4 Re8+ 81. Kf3 Rf8 82. Rxf8 Kxf8 1/2-1/2


[Site "https://www.chess.com"]

[Event "Titled Tuesday Blitz July 11 Early 2023"]
[White "Szczurek, Krzysztof"]
[Black "HamedWafa4"]
[WhiteFideId "1185489"]
[WhiteElo "2495"]
[BlackElo "2614"]
[Result "0-1"]
[Round "9"]
[TimeControl "180+2"]
[Date "2023.07.11"]
[WhiteClock "0:00:04"]
[BlackClock "0:00:15"]
[Board "66"]

1. d4 Nf6 2. Nf3 b6 3. g3 Bb7 4. Bg2 g6 5. O-O Bg7 6. c4 O-O 7. Nc3 Ne4 8. Bf4 Nxc3 9. bxc3 d6 10. Qd2 Nd7 11. Bh6 Re8 12. Bxg7 Kxg7 13. Rae1 e5 14. h3 Rb8 15. Nh2 Bxg2 16. Kxg2 Nf6 17. Ng4 Nxg4 18. hxg4 e4 19. Rh1 g5 20. Rh5 h6 21. Reh1 Re6 22. d5 Rg6 23. Qd4+ Qf6 24. Qxe4 Qxc3 25. Rd1 b5 26. cxb5 Rxb5 27. Rd3 Qb2 28. Rf3 Rf6 29. Rxf6 Qxf6 30. Rh1 Rb2 31. Rc1 Rxa2 32. Rxc7 Qg6 33. Qf3 a5 34. Ra7 a4 35. Ra6 Qc2 36. Rxd6 Qb2 37. Rd7 Qf6 38. Qxf6+ Kxf6 39. Ra7 a3 40. d6 Ke6 41. d7 Ke7 42. Kf3 f6 43. e3 Kd8 44. Ke4 Rxf2 45. Rxa3 Kxd7 46. Ra7+ Ke6 47. Ra6+ Kf7 48. Ra7+ Kg6 49. Ra6 Ra2 50. Kf3 Rxa6 0-1


[Site "https://www.chess.com"]

[Event "Titled Tuesday Blitz July 11 Early 2023"]
[White "Tologon tegin, Semetei"]
[Black "Avazkhonov, Alikhon"]
[WhiteFideId "13800574"]
[BlackFideId "14208504"]
[WhiteElo "2578"]
[BlackElo "2459"]
[Result "1-0"]
[Round "9"]
[TimeControl "180+2"]
[Date "2023.07.11"]
[WhiteClock "0:00:25"]
[BlackClock "0:00:00"]
[Board "68"]

1. Nf3 d5 2. e3 Nf6 3. c4 c6 4. Nc3 Bg4 5. Qb3 Qb6 6. Ne5 Bf5 7. d4 e6 8. c5 Qc7 9. Be2 Be7 10. O-O O-O 11. Bd2 Nbd7 12. f4 Ne4 13. Nxe4 Bxe4 14. Qc3 f6 15. Nxd7 Qxd7 16. b4 b5 17. a4 a6 18. Ra3 Rae8 19. axb5 axb5 20. Rfa1 Bd8 21. Ra7 Bc7 22. Be1 e5 23. fxe5 fxe5 24. Bg3 Qd8 25. dxe5 Rf5 26. Bd3 Bxe5 27. Bxe5 Rfxe5 28. Bxe4 dxe4 29. Qxe5 Rxe5 30. Ra8 Re8 31. Rxd8 Rxd8 32. Ra6 Rd1+ 33. Kf2 Rb1 34. Rxc6 Rxb4 35. Rb6 Rb2+ 36. Kg3 b4 37. c6 Rc2 38. Kf4 Rc4 39. Ke5 Kf7 40. Kd5 Rc3 41. Rxb4 Rxe3 42. c7 Rc3 43. Rc4 Rd3+ 44. Kxe4 1-0


[Site "https://www.chess.com"]

[Event "Titled Tuesday Blitz July 11 Early 2023"]
[White "Arat, Ufuk Sezen"]
[Black "KorolDimitriy75"]
[WhiteFideId "6309089"]
[WhiteElo "2577"]
[BlackElo "2447"]
[Result "1-0"]
[Round "9"]
[TimeControl "180+2"]
[Date "2023.07.11"]
[WhiteClock "0:00:13"]
[BlackClock "0:00:00"]
[Board "69"]

1. e4 c5 2. Nf3 d6 3. d4 cxd4 4. Nxd4 Nf6 5. Nc3 g6 6. Be3 Bg7 7. f3 O-O 8. Bc4 Nc6 9. Bb3 Bd7 10. Qd2 Qa5 11. O-O-O Rfc8 12. g4 Ne5 13. h4 b5 14. g5 Nh5 15. Nd5 Qxd2+ 16. Rxd2 Kf8 17. a3 Nc4 18. Bxc4 Rxc4 19. Ne2 Be6 20. Nef4 Nxf4 21. Nxf4 Bd7 22. h5 b4 23. axb4 Rxb4 24. c3 Rc4 25. Kd1 Be8 26. Ke1 a5 27. Kf2 a4 28. Ra1 Rb8 29. h6 Bh8 30. Nd5 e6 31. Nb6 Rc6 32. Ra3 Rcxb6 33. Bxb6 Rxb6 34. Ke3 Ke7 35. f4 Bc6 36. Rd1 f6 37. Rg1 fxg5 38. Rxg5 Bf6 39. Ra5 Rxb2 40. Ra7+ Bb7 41. R3xa4 Bxc3 42. Rc4 1-0


[Site "https://www.chess.com"]

[Event "Titled Tuesday Blitz July 11 Early 2023"]
[White "Borrmann, Laurenz"]
[Black "Yurasova, Daria"]
[WhiteFideId "312187930"]
[BlackFideId "34146919"]
[WhiteElo "2576"]
[BlackElo "2446"]
[Result "0-1"]
[Round "9"]
[TimeControl "180+2"]
[Date "2023.07.11"]
[WhiteClock "0:00:00"]
[BlackClock "0:00:07"]
[Board "70"]

1. e4 e5 2. Nf3 Nc6 3. Bc4 Bc5 4. b4 Bxb4 5. c3 Be7 6. d4 Na5 7. Be2 d6 8. O-O Nc6 9. Bc4 Nf6 10. Nbd2 O-O 11. a4 a6 12. a5 Bg4 13. d5 Nb8 14. h3 Bh5 15. g4 Bg6 16. Qe2 Nbd7 17. Nh4 Nc5 18. Nf5 c6 19. dxc6 bxc6 20. Ba3 Bxf5 21. gxf5 Nfxe4 22. Nxe4 Nxe4 23. Qxe4 d5 24. Bxd5 cxd5 25. Qxe5 Bxa3 26. Rxa3 Qg5+ 27. Kh2 Rfe8 28. Qxd5 Rad8 29. Qf3 Re5 30. f6 Rf5 31. Qg3 Qxf6 32. c4 h5 33. Re3 h4 34. Qg2 Rd2 35. Qa8+ Kh7 36. Qe4 g6 37. Re2 Rf4 38. Qe3 Rxe2 39. Qxe2 Qc6 40. Rc1 Qc5 41. Rc2 Rf5 42. Qe3 Qd6+ 43. Kg2 Qc6+ 44. Kg1 Rxa5 45. c5 Ra1+ 46. Rc1 Ra4 47. Rb1 Re4 48. Qc3 Re7 49. Rb8 f6 50. Rb6 Qe4 0-1


[Site "https://www.chess.com"]

[Event "Titled Tuesday Blitz July 11 Early 2023"]
[White "Estrada Nieto, Julian"]
[Black "NovoselovRoman"]
[WhiteFideId "5101018"]
[WhiteElo "2441"]
[BlackElo "2565"]
[Result "0-1"]
[Round "9"]
[TimeControl "180+2"]
[Date "2023.07.11"]
[WhiteClock "0:00:13"]
[BlackClock "0:00:39"]
[Board "71"]

1. e4 d5 2. exd5 Qxd5 3. Nc3 Qd6 4. d4 Nf6 5. Nf3 c6 6. Ne5 Nbd7 7. Bf4 Nxe5 8. Bxe5 Qd8 9. Bd3 Bg4 10. f3 Bh5 11. Qe2 e6 12. O-O-O Bb4 13. Ne4 Nxe4 14. Bxe4 Bd6 15. Kb1 Bxe5 16. dxe5 Qg5 17. h4 Qe7 18. Rd6 Bg6 19. h5 Bxe4 20. Qxe4 Rd8 21. Rhd1 O-O 22. a3 h6 23. f4 Qh4 24. Qf3 Rxd6 25. Rxd6 Rd8 26. g3 Qe7 27. Qd3 Rxd6 28. exd6 Qd7 29. c4 c5 30. b4 b6 31. Kb2 f5 32. Kb3 Kf7 33. Qd2 Ke8 34. Qc3 Kf7 35. Qe5 Qc6 36. b5 Qf3+ 37. Kb2 Qf2+ 38. Kb3 Qxg3+ 39. Ka4 Qd3 40. d7 Qc2# 0-1


[Site "https://www.chess.com"]

[Event "Titled Tuesday Blitz July 11 Early 2023"]
[White "Todorovic, Bojan"]
[Black "Chernomordik, Pavel"]
[WhiteFideId "917087"]
[BlackFideId "2804530"]
[WhiteElo "2349"]
[BlackElo "2555"]
[Result "1-0"]
[Round "9"]
[TimeControl "180+2"]
[Date "2023.07.11"]
[WhiteClock "0:00:12"]
[BlackClock "0:00:00"]
[Board "72"]

1. d4 g6 2. c4 Bg7 3. Nf3 d6 4. Nc3 Nc6 5. h3 e5 6. e3 exd4 7. exd4 Nge7 8. Be2 O-O 9. O-O Nf5 10. d5 Ne5 11. Nxe5 Bxe5 12. Bd2 Re8 13. Bd3 Qh4 14. Qg4 Qxg4 15. hxg4 Nd4 16. f3 f5 17. gxf5 Bxf5 18. Bxf5 gxf5 19. Kf2 Kf7 20. Rh1 Kg7 21. Rh5 Kg6 22. Rh6+ Kg7 23. Rah1 Rh8 24. R6h5 Bf6 25. Bh6+ Kg6 26. Be3 Nc2 27. Bd2 Rae8 28. Ne2 Bxb2 29. Nf4+ Kg7 30. Rxf5 Nd4 31. Rg5+ Kf7 32. Rgh5 Kg7 33. Rb1 Ba3 34. Rxb7 Re7 35. Bc3 Bc5 36. Nd3 Kg6 37. Rh4 Nf5+ 38. Nxc5 Nxh4 39. Bxh8 dxc5 40. d6 Re8 41. dxc7 Rc8 42. Be5 Nf5 43. Rb8 Ne7 44. Rxc8 Nxc8 45. g4 Kf7 46. Ke2 Ke6 47. f4 Ne7 48. Ke3 Kd7 49. Ke4 Nc6 50. f5 Nb4 51. g5 1-0


[Site "https://www.chess.com"]

[Event "Titled Tuesday Blitz July 11 Early 2023"]
[White "Ishowmoves57"]
[Black "robertoalejandro10"]
[WhiteElo "2174"]
[BlackElo "2552"]
[Result "0-1"]
[Round "9"]
[TimeControl "180+2"]
[Date "2023.07.11"]
[WhiteClock "0:01:18"]
[BlackClock "0:00:31"]
[Board "73"]

1. e4 c5 2. Nf3 g6 3. c3 Bg7 4. d4 cxd4 5. cxd4 d6 6. Nc3 Nc6 7. d5 Ne5 8. Nxe5 Bxe5 9. Bb5+ Bd7 10. Qa4 Nf6 11. f4 Bxc3+ 12. bxc3 a6 13. Bxd7+ Qxd7 14. Qxd7+ Kxd7 15. Ke2 Nxe4 16. Be3 Nxc3+ 17. Kd3 Nxd5 18. Bd4 Rhc8 19. Rab1 b5 20. g3 Rc4 21. Rhe1 Rac8 22. a3 Nc3 23. Rb3 Na4 24. Rbb1 Nc5+ 25. Ke3 Ne6 26. Bb2 Rc2 27. Rec1 Rxc1 28. Rxc1 Rxc1 29. Bxc1 Kc6 30. Bb2 Kd5 31. g4 Nc5 32. f5 a5 33. Bc3 Nb7 34. Kf4 Kc4 35. Bd2 b4 36. axb4 axb4 37. Kg5 b3 38. Bc1 gxf5 39. gxf5 d5 40. Kh6 d4 41. Kg7 Nd6 42. f6 exf6 43. Kxf6 d3 44. Ke7 Ne4 45. Kxf7 d2 46. Bxd2 Nxd2 47. Kg7 b2 48. h4 b1=Q 49. h5 Nf3 50. Kh8 Qf5 51. Kg7 Qxh5 52. Kh8 Qe5+ 53. Kg8 Qe7 54. Kh8 h5 55. Kg8 Ng5 56. Kh8 Qh7# 0-1


[Site "https://www.chess.com"]

[Event "Titled Tuesday Blitz July 11 Early 2023"]
[White "Ergazakis, Ioannis"]
[Black "Liyanage, Ranindu Dilshan"]
[WhiteFideId "4290976"]
[BlackFideId "9915834"]
[WhiteElo "2495"]
[BlackElo "2638"]
[Result "0-1"]
[Round "9"]
[TimeControl "180+2"]
[Date "2023.07.11"]
[WhiteClock "0:00:00"]
[BlackClock "0:00:11"]
[Board "74"]

1. e4 g6 2. d4 Bg7 3. Nc3 d6 4. Be3 a6 5. Qd2 b5 6. h4 h6 7. f3 Bb7 8. O-O-O Nd7 9. g4 e6 10. Bh3 Nb6 11. b3 Nf6 12. g5 hxg5 13. hxg5 Nfd7 14. d5 b4 15. dxe6 Bxc3 16. exd7+ Nxd7 17. Qg2 Ne5 18. f4 Nc6 19. Ne2 a5 20. Nxc3 bxc3 21. e5 Qe7 22. Rhe1 d5 23. Kb1 a4 24. e6 axb3 25. exf7+ Kf8 26. cxb3 Nb4 27. Bd4 c2+ 28. Qxc2 Nxc2 29. Bxh8 Qxe1 30. Rxe1 Nxe1 31. Be6 Nd3 32. f5 Nf4 33. Bf6 Nxe6 34. fxe6 Ra6 35. Be5 Rxe6 36. Bxc7 Kxf7 37. a4 Re2 38. b4 d4 39. b5 Be4+ 40. Kc1 d3 41. Bf4 Rc2+ 42. Kd1 Bf3+ 43. Ke1 Ra2 44. b6 Rxa4 45. Bc7 Ra2 46. Bf4 Rb2 0-1


[Site "https://www.chess.com"]

[Event "Titled Tuesday Blitz July 11 Early 2023"]
[White "Novikov, Evgenij"]
[Black "Koshulyan, Egor A."]
[WhiteFideId "4125380"]
[BlackFideId "24237000"]
[WhiteElo "2492"]
[BlackElo "2631"]
[Result "0-1"]
[Round "9"]
[TimeControl "180+2"]
[Date "2023.07.11"]
[WhiteClock "0:00:00"]
[BlackClock "0:01:02"]
[Board "75"]

1. d4 Nf6 2. Nf3 d5 3. Bf4 c5 4. e3 Nc6 5. c3 Qb6 6. Qb3 c4 7. Qxb6 axb6 8. Na3 Ra5 9. Ne5 Bf5 10. Nexc4 dxc4 11. Nxc4 Ra6 12. b4 Ra8 13. Nxb6 Ra3 14. Rc1 e6 15. Bc4 Rxc3 16. Rxc3 Bxb4 17. O-O Bxc3 18. Rc1 Bb2 19. Rd1 Ba3 20. Bb3 O-O 21. Nc4 Be7 22. f3 Nh5 23. Bg3 Nxg3 24. hxg3 b5 25. Nd2 Nb4 26. g4 Bc2 27. Rc1 Bxb3 28. axb3 Ra8 29. Ne4 f5 30. gxf5 exf5 31. Ng3 g6 32. Rc7 Bd6 33. Rb7 Bxg3 34. Kf1 Nd5 35. Rxb5 Nxe3+ 36. Ke2 Nxg2 37. d5 Nf4+ 38. Kd2 Rd8 39. Kc3 Nxd5+ 40. Kc4 Ne3+ 41. Kb4 Be1+ 42. Ka3 Bc3 43. b4 Nc2+ 44. Kb3 Nd4+ 0-1


[Site "https://www.chess.com"]

[Event "Titled Tuesday Blitz July 11 Early 2023"]
[White "Postlmayer, Jakob"]
[Black "Ahmad, Khagan"]
[WhiteFideId "1643622"]
[BlackFideId "13431552"]
[WhiteElo "2491"]
[BlackElo "2623"]
[Result "0-1"]
[Round "9"]
[TimeControl "180+2"]
[Date "2023.07.11"]
[WhiteClock "0:00:00"]
[BlackClock "0:00:04"]
[Board "76"]

1. c4 c5 2. Nf3 Nf6 3. Nc3 Nc6 4. e3 e5 5. Be2 a6 6. O-O d5 7. d4 cxd4 8. exd4 e4 9. Ne5 Bd6 10. cxd5 Nxe5 11. dxe5 Bxe5 12. Nxe4 O-O 13. Nxf6+ Qxf6 14. Qb3 b5 15. a4 bxa4 16. Rxa4 Rb8 17. Rb4 Bxh2+ 18. Kxh2 Qd6+ 19. Bf4 Qxb4 20. Qxb4 Rxb4 21. Bd6 Rxb2 22. Bxf8 Kxf8 23. Rc1 Rxe2 24. Rxc8+ Ke7 25. Rc7+ Ke8 26. Kg3 Rd2 27. Ra7 Rxd5 28. Rxa6 g6 29. f3 Kf8 30. Ra7 Kg7 31. Kh3 h5 32. g4 hxg4+ 33. Kxg4 Rd4+ 34. Kg3 Kf6 35. Ra6+ Kg5 36. Ra5+ f5 37. Rb5 Ra4 38. Rc5 Rh4 39. Rb5 Rd4 40. Ra5 Rd1 41. Ra4 Rg1+ 42. Kf2 Rh1 43. Kg2 Rh4 44. Ra6 Kf4 45. Ra4+ Kg5 46. Ra6 Rb4 47. Kg3 f4+ 48. Kh3 Kh5 49. Ra5+ g5 50. Ra8 Rb1 51. Rh8+ Kg6 52. Rg8+ Kh6 53. Rh8+ Kg7 54. Ra8 Rg1 55. Ra3 Rg3+ 56. Kh2 Kg6 57. Rb3 Kh5 58. Ra3 Kh4 59. Rb3 g4 60. Rb8 Rh3+ 61. Kg2 Rg3+ 62. Kh2 Rxf3 63. Rh8+ Kg5 64. Rg8+ Kf5 65. Rf8+ Ke6 66. Rg8 Rh3+ 67. Kg2 f3+ 68. Kf2 Rh2+ 69. Kf1 Rg2 70. Rg5 Kf6 71. Ra5 Re2 72. Rh5 Kg6 73. Ra5 Rb2 74. Ra6+ Kg5 75. Ra4 g3 0-1


[Site "https://www.chess.com"]

[Event "Titled Tuesday Blitz July 11 Early 2023"]
[White "Fiorito, Joaquin"]
[Black "Jovic, Stanoje"]
[WhiteFideId "180173"]
[BlackFideId "905020"]
[WhiteElo "2611"]
[BlackElo "2483"]
[Result "0-1"]
[Round "9"]
[TimeControl "180+2"]
[Date "2023.07.11"]
[WhiteClock "0:00:29"]
[BlackClock "0:00:43"]
[Board "77"]

1. d4 Nf6 2. Nc3 d5 3. Bf4 e6 4. Nb5 Bd6 5. Nxd6+ cxd6 6. Nf3 O-O 7. e3 Nc6 8. Be2 Re8 9. O-O e5 10. Bg5 h6 11. Bxf6 Qxf6 12. dxe5 dxe5 13. Qxd5 Bg4 14. c3 Rad8 15. Qb5 e4 16. Nd4 Nxd4 17. exd4 a6 18. Qxe8+ Rxe8 19. Bxg4 e3 20. fxe3 Qg5 21. Bf3 Qxe3+ 22. Kh1 Qd2 23. Rab1 b5 24. a3 g5 25. h3 f5 26. Bd5+ Kh8 27. Bb7 a5 28. Rxf5 Re1+ 29. Rxe1 Qxe1+ 30. Kh2 b4 31. axb4 axb4 32. Rf3 Qd2 33. d5 b3 34. c4 Qxb2 35. d6 Qe5+ 36. Kh1 b2 37. Rb3 Qe1+ 38. Kh2 b1=Q 39. Rxb1 Qxb1 40. d7 Qb6 41. Bc6 Kg7 42. Bb5 Kf6 43. Kg3 Ke7 44. Kg4 Qf2 45. g3 Qe2+ 46. Kf5 Qe6# 0-1


[Site "https://www.chess.com"]